TOP OF THE 1ST |
Dayton Dragons batting - Pitching for Great Lakes Loons : RHP Pat Matera
|
Pitching: RHP Pat Matera
|
|
Now at 3B: Jim Jardine
|
|
Batting: RHB Juan Zamora
|
0-0: Ball 1-0: Called Strike 1-1: Called Strike 1-2: Ground out U3 (Groundball, 34S, EV 91.2 MPH)
|
Batting: LHB Matt Kennedy
|
0-0: Foul Ball, location: 2F 0-1: SINGLE (Groundball, 4MD, EV 103.1 MPH)
|
Batting: RHB Andy Bachman
|
0-0: Called Strike 0-1: Foul Ball, location: 2F 0-2: Fly out, F9 (Flyball, 89M, EV 80.6 MPH)
|
Batting: LHB Chris Redhead
|
0-0: Ball 1-0: Foul Ball, location: 2F 1-1: Foul Ball, location: 2F 1-2: Ground out 6-3 (Groundball, 6M, EV 87.5 MPH)
|
Top of the 1st over - 0 runs, 1 hit, 0 errors, 1 left on base; Dayton 0 - Great Lakes 0 |
BOTTOM OF THE 1ST |
Great Lakes Loons batting - Pitching for Dayton Dragons : LHP Jason St. Clair
|
Pitching: LHP Jason St. Clair
|
|
Batting: RHB Ruben Serrata
|
0-0: Called Strike 0-1: Ball 1-1: Ground out U3 (Groundball, 3, EV 81.9 MPH)
|
Batting: LHB Tore Bosch
|
0-0: Swinging Strike 0-1: SINGLE (Groundball, 34D, EV 104.4 MPH)
|
Batting: LHB Jesus Ramirez
|
0-0: Ball 1-0: Ball 2-0: Ball Wild Pitch! Tore Bosch to second 3-0: Base on Balls
|
Batting: RHB Jason Baldwin
|
0-0: Called Strike 0-1: Ball 1-1: Foul Ball, location: 2F 1-2: Ball 2-2: Strikes out looking
|
Batting: SHB Xavier Alaniz
|
0-0: Swinging Strike 0-1: Ball 1-1: Foul Ball, location: 2F 1-2: Ball 2-2: Ball 3-2: SINGLE (Groundball, 56D, EV 95.0 MPH) Tore Bosch to third Jesus Ramirez to second Tore Bosch scores Jesus Ramirez to third
|
Batting: RHB Justin Curran
|
0-0: Called Strike 0-1: Called Strike 0-2: Foul Ball, location: 2F 0-2: Strikes out swinging
|
Bottom of the 1st over - 1 run, 2 hits, 0 errors, 2 left on base; Dayton 0 - Great Lakes 1 |
TOP OF THE 2ND |
Dayton Dragons batting - Pitching for Great Lakes Loons : RHP Pat Matera
|
Batting: RHB Mark Williams
|
0-0: SINGLE (Groundball, 3D, EV 94.4 MPH)
|
Batting: LHB Ray Walden
|
0-0: Ball 1-0: Foul Ball, location: 2F 1-1: Ball 2-1: Foul Ball, location: 2F 2-2: Foul Ball, location: 2F 2-2: DOUBLE (Line Drive, 7LM, EV 106.9 MPH) Mark Williams to third
|
Batting: RHB Chris Zamora
|
0-0: Ball 1-0: Ball 2-0: Ball 3-0: Called Strike 3-1: Foul Ball, location: 2F 3-2: Foul Ball, location: 2F 3-2: Strikes out swinging
|
Batting: RHB Ernie Maldonado
|
0-0: Ball 1-0: Foul Ball, location: 2F 1-1: TRIPLE (Flyball, 7LD, EV 108.8 MPH) Mark Williams scores Ray Walden scores
|
Batting: RHB Yutaka Sato
|
0-0: Ball 1-0: Fly out, F9 (Flyball, 89M, EV 87.5 MPH) Runner from 3rd tags up, OUT at HOME! 9-2
|
Top of the 2nd over - 2 runs, 3 hits, 0 errors, 0 left on base; Dayton 2 - Great Lakes 1 |
BOTTOM OF THE 2ND |
Great Lakes Loons batting - Pitching for Dayton Dragons : LHP Jason St. Clair
|
Batting: RHB Javier Solis
|
0-0: Called Strike 0-1: Ball 1-1: SINGLE (Line Drive, 4M, EV 98.1 MPH)
|
Batting: LHB Nate Kee
|
0-0: Ball 1-0: Called Strike 1-1: Ball 2-1: Ball 3-1: Base on Balls Javier Solis to second
|
Batting: LHB Jim Jardine
|
0-0: Ball 1-0: Swinging Strike 1-1: Called Strike 1-2: Foul Ball, location: 2F 1-2: Ball 2-2: Strikes out swinging
|
Batting: RHB Ruben Serrata
|
0-0: Fly out, F8 (Flyball, 8RD, EV 107.5 MPH)
|
Batting: LHB Tore Bosch
|
0-0: Foul Ball, location: 2F 0-1: Swinging Strike 0-2: Strikes out swinging
|
Bottom of the 2nd over - 0 runs, 1 hit, 0 errors, 2 left on base; Dayton 2 - Great Lakes 1 |
TOP OF THE 3RD |
Dayton Dragons batting - Pitching for Great Lakes Loons : RHP Pat Matera
|
Batting: RHB Juan Zamora
|
0-0: Ball 1-0: Swinging Strike 1-1: Called Strike 1-2: Strikes out swinging
|
Batting: LHB Matt Kennedy
|
0-0: Called Strike 0-1: Swinging Strike 0-2: Strikes out swinging
|
Batting: RHB Andy Bachman
|
0-0: Called Strike 0-1: Ball 1-1: Called Strike 1-2: Ball 2-2: Ground out 5-3 (Groundball, 56, EV 105.6 MPH)
|
Top of the 3rd over - 0 runs, 0 hits, 0 errors, 0 left on base; Dayton 2 - Great Lakes 1 |
BOTTOM OF THE 3RD |
Great Lakes Loons batting - Pitching for Dayton Dragons : LHP Jason St. Clair
|
Batting: LHB Jesus Ramirez
|
0-0: Ball 1-0: Ball 2-0: Called Strike 2-1: SINGLE (Groundball, 34D, EV 94.4 MPH)
|
Batting: RHB Jason Baldwin
|
0-0: Fielders Choice at 2nd, 6-4 (Groundball, 6, EV 92.5 MPH)
|
Batting: SHB Xavier Alaniz
|
0-0: Called Strike 0-1: SINGLE (Groundball, 34D, EV 95.6 MPH) Jason Baldwin to second Runner from 2nd tries for 3rd, OUT! 9-5
|
Batting: RHB Justin Curran
|
0-0: Called Strike 0-1: Called Strike 0-2: Fly out, F8 (Flyball, 8LD, EV 75.6 MPH)
|
Bottom of the 3rd over - 0 runs, 2 hits, 0 errors, 1 left on base; Dayton 2 - Great Lakes 1 |
TOP OF THE 4TH |
Dayton Dragons batting - Pitching for Great Lakes Loons : RHP Pat Matera
|
Batting: LHB Chris Redhead
|
0-0: Called Strike 0-1: Ball 1-1: Ground out 5-3 (Groundball, 56, EV 97.5 MPH)
|
Batting: RHB Mark Williams
|
0-0: Swinging Strike 0-1: Swinging Strike 0-2: Ball 1-2: Foul Ball, location: 2F 1-2: Strikes out swinging
|
Batting: LHB Ray Walden
|
0-0: Called Strike 0-1: Called Strike 0-2: Strikes out swinging
|
Top of the 4th over - 0 runs, 0 hits, 0 errors, 0 left on base; Dayton 2 - Great Lakes 1 |
BOTTOM OF THE 4TH |
Great Lakes Loons batting - Pitching for Dayton Dragons : LHP Jason St. Clair
|
Batting: RHB Javier Solis
|
0-0: SINGLE (Line Drive, 6D, EV 96.2 MPH)
|
Batting: LHB Nate Kee
|
0-0: Fly out, F3 (Line Drive, 34, EV 68.8 MPH)
|
Batting: LHB Jim Jardine
|
0-0: Called Strike 0-1: Foul Ball, location: 2F 0-2: Strikes out swinging
|
Batting: RHB Ruben Serrata
|
0-0: Foul Ball, location: 2F 0-1: Fly out, F8 (Flyball, 8LD, EV 90.0 MPH)
|
Bottom of the 4th over - 0 runs, 1 hit, 0 errors, 1 left on base; Dayton 2 - Great Lakes 1 |
TOP OF THE 5TH |
Dayton Dragons batting - Pitching for Great Lakes Loons : RHP Pat Matera
|
Batting: RHB Chris Zamora
|
0-0: Called Strike 0-1: Swinging Strike 0-2: Ball 1-2: Ball 2-2: Fly out, F7 (Line Drive, 8LS, EV 99.4 MPH)
|
Batting: RHB Ernie Maldonado
|
0-0: Foul Ball, location: 2F 0-1: Swinging Strike 0-2: SINGLE (Line Drive, 89M, EV 104.4 MPH)
|
Batting: RHB Yutaka Sato
|
0-0: Called Strike Ernie Maldonado steals 2nd, throwing error, E2 Ernie Maldonado to third 0-1: Foul Ball, location: 2F 0-2: Fly out, F9 (Flyball, 9S, EV 83.8 MPH)
|
Batting: RHB Juan Zamora
|
0-0: Fly out, F8 (Flyball, 8RD, EV 93.1 MPH)
|
Top of the 5th over - 0 runs, 1 hit, 1 error, 1 left on base; Dayton 2 - Great Lakes 1 |
BOTTOM OF THE 5TH |
Great Lakes Loons batting - Pitching for Dayton Dragons : LHP Jason St. Clair
|
Batting: LHB Tore Bosch
|
0-0: Ball 1-0: Ball 2-0: Ball 3-0: SINGLE (Groundball, 34D, EV 107.5 MPH)
|
Batting: LHB Jesus Ramirez
|
0-0: Called Strike 0-1: Ball 1-1: Ball 2-1: Swinging Strike 2-2: Ball 3-2: SINGLE (Groundball, 34D, EV 96.2 MPH) Tore Bosch to second Runner from 2nd tries for 3rd, SAFE, throw by RF made to third
|
Batting: RHB Jason Baldwin
|
0-0: Ball 1-0: Ground out 5-3 (Groundball, 56S, EV 74.4 MPH) Jesus Ramirez to second
|
Batting: SHB Xavier Alaniz
|
0-0: Foul Ball, location: 2F 0-1: Ball 1-1: Called Strike 1-2: Ball 2-2: Foul Ball, location: 2F 2-2: Strikes out swinging
|
Batting: RHB Justin Curran
|
0-0: Called Strike 0-1: Ball 1-1: Foul Ball, location: 2F 1-2: Ground out 3-1 (Groundball, 34S, EV 83.1 MPH)
|
Bottom of the 5th over - 0 runs, 2 hits, 0 errors, 2 left on base; Dayton 2 - Great Lakes 1 |
TOP OF THE 6TH |
Dayton Dragons batting - Pitching for Great Lakes Loons : RHP Pat Matera
|
Batting: LHB Matt Kennedy
|
0-0: Ball 1-0: Called Strike 1-1: Ball 2-1: Swinging Strike 2-2: Strikes out swinging
|
Batting: RHB Andy Bachman
|
0-0: Foul Ball, location: 2F 0-1: Foul Ball, location: 2F 0-2: Ball 1-2: Foul Ball, location: 2F 1-2: Ground out U3 (Groundball, 34, EV 109.4 MPH)
|
Batting: LHB Chris Redhead
|
0-0: Called Strike 0-1: Fly out, F7 (Line Drive, 7D, EV 91.9 MPH)
|
Top of the 6th over - 0 runs, 0 hits, 0 errors, 0 left on base; Dayton 2 - Great Lakes 1 |
BOTTOM OF THE 6TH |
Great Lakes Loons batting - Pitching for Dayton Dragons : LHP Jason St. Clair
|
Batting: RHB Javier Solis
|
0-0: Fly out, F8 (Flyball, 8LS, EV 95.0 MPH)
|
Batting: LHB Nate Kee
|
0-0: Ball 1-0: Foul Ball, location: 2F 1-1: Ball 2-1: Foul Ball, location: 2F 2-2: Ball 3-2: Base on Balls
|
Batting: LHB Jim Jardine
|
0-0: Ball 1-0: Called Strike 1-1: Grounds into double play, 4-6-3 (Groundball, 4, EV 78.8 MPH)
|
Bottom of the 6th over - 0 runs, 0 hits, 0 errors, 0 left on base; Dayton 2 - Great Lakes 1 |
TOP OF THE 7TH |
Dayton Dragons batting - Pitching for Great Lakes Loons : RHP Pat Matera
|
Pinch Hitting: LHB Jeremy Robertson
|
0-0: Foul Ball, location: 2F 0-1: Ball 1-1: Called Strike 1-2: Ball 2-2: Fly out, F7 (Line Drive, 7, EV 97.5 MPH)
|
Batting: LHB Ray Walden
|
0-0: Ball 1-0: Ground out 4-3 (Groundball, 4, EV 104.4 MPH)
|
Batting: RHB Chris Zamora
|
0-0: Called Strike 0-1: Ball 1-1: Ball 2-1: Ground out 6-3 (Groundball, 56D, EV 81.9 MPH)
|
Top of the 7th over - 0 runs, 0 hits, 0 errors, 0 left on base; Dayton 2 - Great Lakes 1 |
BOTTOM OF THE 7TH |
Great Lakes Loons batting - Pitching for Dayton Dragons : LHP Jason St. Clair
|
Pitching: RHP Brian Trejo
|
|
Now at 1B: Yutaka Sato
|
|
Now at 2B: Jeremy Robertson
|
|
Now at SS: Juan Zamora
|
|
Now in CF: Gabe Morales
|
|
Batting: RHB Ruben Serrata
|
0-0: Ground out 1-3 (Groundball, 25, EV 70.0 MPH)
|
Batting: LHB Tore Bosch
|
0-0: Called Strike 0-1: DOUBLE (Flyball, 89D, EV 107.5 MPH)
|
Batting: LHB Jesus Ramirez
|
0-0: Swinging Strike 0-1: Ground out U3 (Groundball, 3, EV 82.5 MPH) Tore Bosch to third
|
Batting: RHB Jason Baldwin
|
0-0: SINGLE (Groundball, 6MD, EV 110.6 MPH) Tore Bosch scores
|
Batting: SHB Xavier Alaniz
|
0-0: Called Strike 0-1: Ball 1-1: Ball 2-1: Ground out 4-3 (Groundball, 34, EV 86.9 MPH)
|
Bottom of the 7th over - 1 run, 2 hits, 0 errors, 1 left on base; Dayton 2 - Great Lakes 2 |
TOP OF THE 8TH |
Dayton Dragons batting - Pitching for Great Lakes Loons : RHP Pat Matera
|
Batting: RHB Ernie Maldonado
|
0-0: Ground out 6-3 (Groundball, 6M, EV 85.6 MPH)
|
Pinch Hitting: LHB Leo Gomez
|
0-0: Ball 1-0: Ball 2-0: Foul Ball, location: 2F 2-1: Swinging Strike 2-2: Ground out 1-3 (Groundball, 25, EV 73.1 MPH)
|
Pitching: RHP Matt Hager
|
|
Batting: RHB Juan Zamora
|
0-0: Called Strike 0-1: Ball 1-1: Foul Ball, location: 2F 1-2: Ball 2-2: Foul Ball, location: 2F 2-2: Ball 3-2: SOLO HOME RUN (Flyball, 7LD, EV 96.9 MPH), Distance : 353 ft
|
Batting: LHB Matt Kennedy
|
0-0: SINGLE (Line Drive, 3L, EV 94.4 MPH)
|
Batting: RHB Andy Bachman
|
0-0: Swinging Strike 0-1: Ball Matt Kennedy steals 2nd base 1-1: Foul Ball, location: 2F 1-2: Foul Ball, location: 2F 1-2: SINGLE (Groundball, 4MD, EV 94.4 MPH) Matt Kennedy to third Runner from 3rd tries for Home, SAFE, throw by CF to home
|
Batting: LHB Chris Redhead
|
0-0: Foul Ball, location: 2F 0-1: Hit by Pitch Andy Bachman to second
|
Batting: LHB Jeremy Robertson
|
0-0: SINGLE (Line Drive, 56D, EV 95.6 MPH) Andy Bachman to third Chris Redhead to second Runner from 3rd tries for Home, SAFE, throw by LF to home
|
Batting: LHB Gabe Morales
|
0-0: Called Strike 0-1: Swinging Strike 0-2: Strikes out swinging
|
Top of the 8th over - 3 runs, 4 hits, 0 errors, 2 left on base; Dayton 5 - Great Lakes 2 |
BOTTOM OF THE 8TH |
Great Lakes Loons batting - Pitching for Dayton Dragons : RHP Brian Trejo
|
Now at 1B: Leo Gomez
|
|
Now in RF: Tim Kirk
|
|
Batting: RHB Justin Curran
|
0-0: Called Strike 0-1: Ball 1-1: Foul Ball, location: 2F 1-2: Strikes out swinging
|
Batting: RHB Javier Solis
|
0-0: Ball 1-0: Foul Ball, location: 2F 1-1: Called Strike 1-2: Reached on error, E1 (Groundball, P, EV 70.0 MPH)
|
Batting: LHB Nate Kee
|
0-0: Foul Ball, location: 2F 0-1: Ball 1-1: Swinging Strike 1-2: Strikes out swinging
|
Batting: LHB Jim Jardine
|
0-0: Ball 1-0: Swinging Strike 1-1: Ball 2-1: Fly out, F8 (Flyball, 8RD, EV 97.5 MPH)
|
Bottom of the 8th over - 0 runs, 0 hits, 1 error, 1 left on base; Dayton 5 - Great Lakes 2 |
TOP OF THE 9TH |
Dayton Dragons batting - Pitching for Great Lakes Loons : RHP Matt Hager
|
Pitching: RHP Adonis Loyd
|
|
Batting: RHB Chris Zamora
|
0-0: Ball 1-0: SINGLE (Line Drive, 9S, EV 103.8 MPH)
|
Batting: RHB Ernie Maldonado
|
0-0: Ball 1-0: Ball 2-0: Called Strike 2-1: Bunted foul 2-2: Grounds into double play, 5-4-3 (Groundball, 56, EV 80.6 MPH)
|
Batting: LHB Leo Gomez
|
0-0: Ball 1-0: Ball 2-0: Called Strike 2-1: Foul Ball, location: 2F 2-2: Foul Ball, location: 2F 2-2: Foul Ball, location: 2F 2-2: Foul Ball, location: 2F 2-2: Strikes out looking
|
Top of the 9th over - 0 runs, 1 hit, 0 errors, 0 left on base; Dayton 5 - Great Lakes 2 |
BOTTOM OF THE 9TH |
Great Lakes Loons batting - Pitching for Dayton Dragons : RHP Brian Trejo
|
Pitching: RHP Juan Hernandez
|
|
Batting: RHB Ruben Serrata
|
0-0: Swinging Strike 0-1: Ball 1-1: Called Strike 1-2: Ball 2-2: Fly out, F8 (Flyball, 78XD, EV 95.6 MPH)
|
Batting: LHB Tore Bosch
|
0-0: Called Strike 0-1: Ball 1-1: Called Strike 1-2: Foul Ball, location: 2F 1-2: Strikes out swinging
|
Batting: LHB Jesus Ramirez
|
0-0: Called Strike 0-1: Swinging Strike 0-2: Foul Ball, location: 2F 0-2: Ball 1-2: Strikes out swinging
|
Bottom of the 9th over - 0 runs, 0 hits, 0 errors, 0 left on base; Dayton 5 - Great Lakes 2 |
|